 Dungeon Crawl Stone Soup version 0.29-a0-40-g8eb35efe60 (webtiles) character file.

Game seed: 12479131989522979366

65 crazypyro the Skirmisher (level 3, -2/29 HPs)
             Began as a Demonspawn Fighter on Feb 1, 2022.
             Slain by Sigmund (7 damage)
             ... on level 3 of the Dungeon.
             The game lasted 00:02:10 (1752 turns).

crazypyro the Skirmisher (Demonspawn Fighter)       Turns: 1752, Time: 00:02:10

Health: -2/29      AC:  6    Str: 18    XL:     3   Next: 94%
Magic:  3/3        EV:  9    Int:  9    God:
Gold:   106        SH:  4    Dex: 12    Spells: 2/2 levels left

rFire   . . .      SeeInvis .   a - +0 war axe
rCold   . . .      Faith    .   c - +0 buckler
rNeg    . . .      Spirit   .   b - +0 scale mail
rPois   .          Reflect  .   (no helmet)
rElec   .          Harm     .   (no cloak)
rCorr   .          Rampage  .   (no gloves)
Will    .....                   (no boots)
Stlth   ..........              (no amulet)
HPRegen 0.09/turn               (no ring)
MPRegen 0.08/turn               (no ring)

@: no status effects
A: powered by death 1
a: no special abilities


You were on level 3 of the Dungeon.
You visited 1 branch of the dungeon, and saw 3 of its levels.

You collected 106 gold pieces.

Inventory:

Hand Weapons
 a - a +0 war axe (weapon)
Armour
 b - a +0 scale mail (worn)
 c - a +0 buckler (worn)
Scrolls
 e - 2 scrolls of identify {unknown}
 f - a scroll of brand weapon {unknown}
 h - a scroll of fear {unknown}
 i - a scroll of blinking {unknown}
Potions
 d - 2 potions of might
 g - a potion of magic {unknown}


   Skills:
 - Level 3.4 Fighting
 * Level 3.0 Axes
 - Level 3.0 Armour
 - Level 3.0 Shields


You had 2 spell levels left.
You didn't know any spells.
Your spell library contained the following spells:

 Spells                   Type           Power      Damage    Failure   Level
 Beastly Appendage        Tmut           0%         N/A       86%         1
 Sting                    Tmut/Pois      0%         1d3       86%         1
 Poisonous Vapours        Pois/Air       0%         N/A       94%         2
 Wereblood                Tmut           0%         N/A       94%         2
 Spider Form              Tmut/Pois      0%         N/A       99%         3
 Olgreb's Toxic Radiance  Pois           0%         N/A       100%        4


Dungeon Overview and Level Annotations

Branches:
Dungeon (3/15)

Altars:

Annotations:
D:3 Sigmund


Innate Abilities, Weirdness & Mutations

You regenerate a little health from kills.


Message History

You hit the adder.
The adder is moderately wounded.
You slash the goblin!
You kill the goblin!
You feel sick. The adder bites you but does no damage.
The adder barely misses you.
You barely miss the adder.
The adder is moderately wounded.
You feel sick. The adder bites you but does no damage.
The adder barely misses you.
You slash the adder!
You kill the adder!
You feel sick.
You are no longer poisoned.
Sigmund the Dreaded comes into view.
He is wielding a +0 scythe.
Your Axes skill increases to level 3!
Found 6 gold pieces.
Sigmund shouts!
Sigmund points at you and mumbles some strange words.
You resist with significant effort.
You barely miss Sigmund.
Sigmund mumbles some strange words.
Sigmund flickers and vanishes!
Deactivating autopickup; reactivate with Ctrl-A.
No target in view!
No target in view!
No target in view!
You barely miss something. Something hits you.
You slash something! Something hits you!
You barely miss something. Something hits you.
You miss something. Something hits you!
* * * LOW HITPOINT WARNING * * *
You barely miss something.
You hear some strange, mumbled words.
Something tries to affect you, but you resist.
You slash something!
You hear some strange, mumbled words.
Something tries to affect you, but you resist.
Something hits you!
You die...

... #. .# ..
#.#.### ....#.#.
.#.#.. ....# #
#.#.#.####
##.####........$
.......)@{.....#
#.####<#.......
#.#.#.##.# .....
.. ##.#.#. #.#
#.#.... .
#.#...## #.#...(
#.# .##


There were no monsters in sight!

Vanquished Creatures
  A gnoll (D:1)
  An adder (D:3)
  A worm (D:2)
  2 dart slugs (D:1)
  5 bats
  6 endoplasms (D:1)
  2 giant cockroaches (D:1)
  5 goblins
  3 hobgoblins
  3 jackals (D:1)
  A quokka (D:1)
  3 ball pythons (D:1)
  A frilled lizard (D:2)
  A kobold (D:1)
  2 rats (D:1)
37 creatures vanquished.

Notes
Turn   | Place    | Note
-------+----------+-------------------------------------------
     0 | D:1      | crazypyro the Demonspawn Fighter began the quest for the
                  | Orb.
     0 | D:1      | Reached XP level 1. HP: 18/18 MP: 1/1
   169 | D:1      | Gained mutation: You regenerate a little health from kills.
                  | [demonic ancestry]
   169 | D:1      | Reached XP level 2. HP: 14/24 MP: 2/2
   389 | D:1      | Reached XP level 3. HP: 16/29 MP: 3/3
   832 | D:1      | Found a faded altar of an unknown god.
  1744 | D:3      | Noticed Sigmund
  1752 | D:3      | Slain by Sigmund

Illustrated notes

Levels and vault maps discovered:
D:1:      dpeg_arrival_tiny_g, layout_loops_cross,
          shapermc_ecumenical_altar_flowoftime, chequers_serial_rivers_room_b
D:2:      layout_basic
D:3:      layout_basic, trog_butcher_becter, grunt_ministairs_4, uniq_robin,
          uniq_sigmund

Skill      XL: |  1  2  3 |
---------------+----------+-----
Axes           | 2 3 |  3.0
Armour         | 3 |  3.0
Shields        | 3 |  3.0
Fighting       | |  3.4

Action                   || total
-------------------------++-------
Melee: War axe           ||   114
Armor: Scale mail        ||    63
Dodge: Dodged            ||    59
Block: Buckler           ||    41

Table legend: (Time is in decaauts)
 A = Elapsed time spent in this place.
 B = Non-inter-level travel time spent in this place.
 C = Inter-level travel time spent in this place.
 D = Time resting spent in this place.
 E = Time spent auto-exploring this place.
 F = Levels seen in this place.
 G = Mean time per level.
                   A        B        C        D        E       F      G
               +--------+--------+--------+--------+--------+-----+--------+
         Total |   1802 |   1760 |     42 |      0 |   1486 |   3 |  600.7 |
       Dungeon |   1802 |   1760 |     42 |      0 |   1486 |   3 |  600.7 |
               +--------+--------+--------+--------+--------+-----+--------+

Top non-repeatable levels by time:
     D:1: 956 daAuts
     D:2: 830 daAuts
     D:3: 15 daAuts
